cohdb
Replays
Latest Replays
All Replays
Popular Replays
Top Player Replays
Match Explorer
How It Works
Community
CoH3 Stats
Reddit
Sign in to upload your games and track your stats! →
Sign in with Steam
Match 43257298
Unlisted
Match 43257298
Overview
Messages
Build Orders
End
Panzergrenadier Squad
250 Light Carrier
Selects Armored Support Battlegroup
Panzergrenadier Squad
Construct Light Support Kompanie
Combat Half-tracks
Selects Superior Fire Drills
Construct Mechanized Kompanie
Assault Grenadier Squad
Selects Salvage Kits
Panzerjäger Mechanized Group
8 Rad Armored Car
Panzerpioneer Squad
Vehicle Survival Package
Veteran Squad Leaders
Construct Panzerarmee Kommand
Selects Panzer Storm
Panzerpioneer Squad
Panzerjäger Mechanized Group
Selects Stuka Anti-tank Loiter
Panzer III L Medium Tank
波菜
MAOMAO-Y8Z
Ranger
KGGAOS
B1t
Pixel
SkyCurv
Blaston
0
0
Comments
sign in to comment!
No comments posted yet!